 Dungeon Crawl Stone Soup version 0.27-a0-592-g0306a34022 (webtiles) character file.

Game seed: 10238260203197964865

746 rednaxela the Shield-Bearer (level 7, -9/50 HPs)
             Began as a Barachi Ice Elementalist on Mar 10, 2021.
             Mangled by an ogre
             ... wielding a +0 giant spiked club
              (24 damage)
             ... on level 5 of the Dungeon.
             The game lasted 00:17:22 (5938 turns).

rednaxela the Shield-Bearer (BaIE)                  Turns: 5938, Time: 00:17:23

Health: -9/50      AC:  6    Str: 17    XL:     7   Next: 77%
Magic:  13/13      EV: 10    Int: 16    God:
Gold:   201        SH: 12    Dex: 12    Spells: 2/14 levels left

rFire    . . .     SeeInvis .   q - +1 dagger (venom)
rCold    . . .     Faith    .   m - +2 kite shield
rNeg     . . .     Spirit   .   a - +0 robe
rPois    .         Reflect  .   f - +0 helmet
rElec    .         Harm     .   (no cloak)
rCorr    .         Rampage  .   (no gloves)
Will     .....                  d - +2 pair of boots
Stlth    ++........             (no amulet)
HPRegen  0.16/turn              (no ring)
MPRegen  0.13/turn              j - +6 ring of strength

@: slow
A: +LOS, amphibious, slowness 1, strong legs 1
a: Hop


You were on level 5 of the Dungeon.
You visited 1 branch of the dungeon, and saw 5 of its levels.

You collected 201 gold pieces.

Inventory:

Hand Weapons
 q - a +1 dagger of venom (weapon)
   (You took it off a kobold on level 3 of the Dungeon)
Missiles
 g - 47 poisoned darts (quivered)
Armour
 a - a +0 robe (worn)
 d - a +2 pair of boots (worn)
   (You found it on level 1 of the Dungeon)
 f - a +0 helmet (worn)
   (You found it on level 1 of the Dungeon)
 m - a +2 kite shield (worn)
   (You found it on level 2 of the Dungeon)
 o - a +1 ring mail of fire resistance
   (You found it on level 3 of the Dungeon)
Jewellery
 j - a +6 ring of strength (left hand)
   (You found it on level 2 of the Dungeon)
 k - a ring of resist corrosion
   (You found it on level 2 of the Dungeon)
Wands
 r - a wand of flame (9) {@v4}
   (You found it on level 4 of the Dungeon)
 t - a wand of paralysis (6)
   (You found it on level 4 of the Dungeon)
Scrolls
 b - a scroll of noise {unknown}
 e - 2 scrolls of identify {@r1}
 h - a scroll of enchant armour
 l - a scroll of immolation
 n - a scroll of teleportation {@r3 !r}
Potions
 c - a potion of curing {unknown}
 i - 2 potions of heal wounds {@q2 !q}
 p - a potion of lignification {unknown}
 s - a potion of degeneration {unknown}


   Skills:
 - Level 2.0 Fighting
 - Level 2.1 Dodging
 - Level 1.7 Stealth
 + Level 6.9 Shields
 - Level 4.0 Spellcasting
 - Level 0.5 Conjurations
 - Level 6.2 Ice Magic


You had 2 spell levels left.
You knew the following spells:

 Your Spells              Type           Power      Damage    Failure   Level
a - Freeze                Ice            92%        1d10      3%          1
b - Ozocubu's Armour      Ice            23%        N/A       11%         3
c - Hailstorm             Conj/Ice       14%        3d5       75%         4
d - Summon Ice Beast      Ice/Summ       13%        N/A       78%         4

Your spell library contained the following spells:

 Spells                   Type           Power      Damage    Failure   Level
 Frozen Ramparts          Ice            46%        1d6       11%         3


Dungeon Overview and Level Annotations

Branches:
Dungeon (5/15)
 Temple: D:4-7

Altars:
Qazlal
Vehumet

Shops:
D:5 [


Innate Abilities, Weirdness & Mutations

You can be seen from farther away. (+LOS)
You are amphibious.
You cover ground slowly.
You can hop short distances.


Message History

You hit the ogre.
The ogre looks as sick as possible!
The ogre is heavily wounded.
You hit the ogre.
The ogre looks as sick as possible!
The ogre is severely wounded.
The ogre closely misses you.
You kill the ogre!
There is a stone staircase leading down, spattered with blood here.
You start resting.
HP restored.
You climb downwards.
The leopard gecko zombie bites you but does no damage.
You block the leopard gecko zombie's attack.
There is a stone staircase leading up here.
You hit the leopard gecko zombie.
You destroy the leopard gecko zombie!
No target in view!
There is an entrance to Toasoytu's Armour Boutique here.
You can access your shopping list by pressing '$'.
There is a fountain of clear blue water here.
You now have 201 gold pieces (gained 10).
Found a stone staircase leading down.
There is an escape hatch in the floor here.
A shadow imp is nearby!
The shadow imp shouts, "Slither home, thou peaked ill-nurtured wagtail!"
The shadow imp gestures at you. Pain shoots through your body!
There is an open door here.
You block the shadow imp's attack.
You hit the shadow imp but do no damage.
The shadow imp closely misses you.
You hit the shadow imp but do no damage.
The shadow imp is poisoned.
You block the shadow imp's attack.
You hit the shadow imp.
The shadow imp is heavily wounded.
You block the shadow imp's attack.
You hit the shadow imp but do no damage.
The shadow imp is heavily wounded.
The shadow imp hits you.
You hit the shadow imp but do no damage.
The shadow imp is severely wounded.
The shadow imp gestures at you. Pain shoots through your body!
The shadow imp completely misses you.
You hit the shadow imp.
You kill the shadow imp!
HP restored.
You open the door.
There is an open door here.
A worker ant comes into view.
A worker ant is nearby!
A worker ant is nearby!
There is an open door here.
You hit the worker ant.
The worker ant is lightly wounded.
The worker ant bites you. You block the worker ant's attack.
You hit the worker ant but do no damage.
The worker ant is poisoned.
The worker ant is lightly wounded.
You block the worker ant's attack.
You hit the worker ant.
The worker ant is moderately wounded.
The worker ant barely misses you.
You hit the worker ant.
The worker ant looks as sick as possible!
The worker ant is heavily wounded.
You kill the worker ant!
There is an open door here.
A hound comes into view.
The hound barks!
A hound is nearby!
A hound is nearby!
You hit the hound.
The hound is poisoned.
The hound is lightly wounded.
You block the hound's attack.
An ogre comes into view. It is wielding a +0 giant spiked club.
You block the hound's attack.
You closely miss the hound.
The hound is lightly wounded.
You block the hound's attack. x2
You hit the hound but do no damage.
The hound looks even sicker.
The hound is lightly wounded.
The hound barely misses you.
You closely miss the hound.
The hound is moderately wounded.
The hound bites you but does no damage. The hound bites you.
You hit the hound but do no damage.
The hound looks as sick as possible!
The hound is severely wounded.
You block the hound's attack. The hound completely misses you.
You hit the ogre.
The ogre is lightly wounded.
The hound bites you but does no damage.
The ogre hits you with a +0 giant spiked club!!
Ouch! That really hurt!
* * * LOW HITPOINT WARNING * * *
The hound pauses to sniff the ground.
The hound bites you but does no damage.
You hit the ogre.
The ogre is poisoned.
The ogre is moderately wounded.
You kill the hound!
The ogre hits you with a +0 giant spiked club!!
You die...

.....##### ##########
.....#...# ..........
.....#...# .........
.....#...# ........
.....'...# #.....# .
.....#...# #.....##..
.....##### #.........
#'##.....#######.O.......
...'.....#.....#@........
...#>....'.....#.........
...#.....#.....'.........
####.....##...##.........
.....##'###...##.....####
.....#........#......#
.....#........#......#
.....#........#......#
.....#........#......#


You could see an ogre (very poisoned).

Vanquished Creatures
  2 ogres (D:4)
  A bullfrog (D:4)
  4 hounds
  An orc priest (D:2)
  3 worker ants
  2 iguanas
  11 adders
  A shadow imp (D:5)
  2 white imps (D:5)
  An ooze (D:3)
  6 worms
  2 dart slugs
  4 leopard geckos
  6 orcs
  12 bats
  4 giant cockroaches
  10 goblins
  11 hobgoblins
  11 jackals
  2 ball pythons
  6 frilled lizards
  8 kobolds
  A leopard gecko zombie (D:5)
  A quokka skeleton (D:5)
  10 rats
122 creatures vanquished.

Notes
Turn   | Place    | Note
-------+----------+-------------------------------------------
     0 | D:1      | rednaxela the Barachi Ice Elementalist began the quest for
                  | the Orb.
     0 | D:1      | Reached XP level 1. HP: 13/13 MP: 3/3
    89 | D:1      | Reached skill level 5 in Ice Magic
   188 | D:1      | Reached XP level 2. HP: 19/19 MP: 2/5
   505 | D:1      | Reached XP level 3. HP: 20/24 MP: 0/7
   595 | D:1      | Reached skill level 3 in Spellcasting
  1408 | D:2      | Reached XP level 4. HP: 16/30 MP: 0/9
  1729 | D:2      | Found a radiant altar of Vehumet.
  1955 | D:2      | Reached skill level 6 in Ice Magic
  2253 | D:2      | Reached XP level 5. HP: 26/35 MP: 4/10
  2368 | D:2      | Learned a level 3 spell: Ozocubu's Armour
  2373 | D:2      | Learned a level 4 spell: Hailstorm
  2373 | D:2      | Upgraded the game from 0.27-a0-577-ge2a43ba0c9 to
                  | 0.27-a0-592-g0306a34022
  2557 | D:2      | Reached skill level 4 in Spellcasting
  2856 | D:2      | Reached skill level 1 in Fighting
  3196 | D:3      | Reached skill level 2 in Fighting
  3374 | D:3      | Reached skill level 1 in Shields
  3715 | D:3      | Reached skill level 2 in Shields
  3734 | D:3      | Learned a level 4 spell: Summon Ice Beast
  3851 | D:3      | Reached XP level 6. HP: 44/44 MP: 12/12
  4323 | D:4      | Reached skill level 3 in Shields
  4410 | D:4      | Found a stormy altar of Qazlal.
  4535 | D:4      | Reached skill level 4 in Shields
  4535 | D:4      | Reached XP level 7. HP: 50/50 MP: 13/13
  4591 | D:4      | Reached skill level 5 in Shields
  4968 | D:5      | Entered Level 5 of the Dungeon
  5188 | D:5      | Found Toasoytu's Armour Boutique.
  5474 | D:5      | Reached skill level 6 in Shields
  5938 | D:5      | Mangled by an ogre

Illustrated notes

Levels and vault maps discovered:
D:1:      saegor_arrival_simple_b, layout_basic, hex_large
D:2:      layout_loops_corners, old_standard_altar
D:3:      layout_basic
D:4:      layout_gridville, lemuel_crystal_altar, hex_medium
D:5:      layout_gridville, old_standard_altar, gammafunk_temple_overflow_arena,
          kennysheep_mini_moat, gammafunk_ghost_smash, serial_shops,
          shop_fountains, minmay_misc_feat_more_columns,
          small_statue_intersection, uniq_duvessa

Skill      XL: |  1  2  3  4  5  6  7 |
---------------+----------------------+-----
Ice Magic      | 5 6 |  6.2
Spellcasting   | 3 4 |  4.0
Fighting       | 2 |  2.0
Shields        | 2 4 6 |  6.9
Dodging        | |  2.1
Stealth        | |  1.7
Conjurations   | |  0.5

Action                   |  1- 3 |  4- 6 |  7- 9 || total
-------------------------+-------+-------+-------++-------
Melee: Dagger            |    19 |    66 |    76 ||   161
Throw: Dart              |       |    10 |       ||    10
 Cast: Freeze            |    58 |   106 |       ||   164
 Abil: Hop               |       |       |     1 ||     1
Evoke: Wand              |       |       |    10 ||    10
  Use: Scroll            |       |     5 |     1 ||     6
 Stab: Sleeping          |       |     3 |     1 ||     4
Armor: Robe              |    30 |    31 |    25 ||    86
Dodge: Dodged            |    41 |    58 |    25 ||   124
Block: Kite shield       |       |    58 |    57 ||   115

Table legend: (Time is in decaauts)
 A = Elapsed time spent in this place.
 B = Non-inter-level travel time spent in this place.
 C = Inter-level travel time spent in this place.
 D = Time resting spent in this place.
 E = Time spent auto-exploring this place.
 F = Levels seen in this place.
 G = Mean time per level.
                   A        B        C        D        E       F      G
               +--------+--------+--------+--------+--------+-----+--------+
         Total |   6524 |   6281 |    243 |   1139 |   3849 |   5 | 1304.8 |
       Dungeon |   6524 |   6281 |    243 |   1139 |   3849 |   5 | 1304.8 |
               +--------+--------+--------+--------+--------+-----+--------+

Top non-repeatable levels by time:
     D:2: 2388 daAuts
     D:3: 1244 daAuts
     D:4: 1093 daAuts
     D:1: 1068 daAuts
     D:5: 728 daAuts
